[ AOE2 MATCH · #495174780 ]
UnrankedHindustanis vs Portuguese
[ REPLAY ANALYSIS · EXTRACTED FROM THE RECORDED GAME ]
Feudal
8:35
Castle
14:31
Imperial
—
| APM avg | 41.7 |
| APM peak | 56 |
| eAPM avg | 19.7 |
| Villagers / military | 52 / 14 |
Focus
⚔️ 22.8% · 🌾 77.2%
Scout Cavalry ×7 · Mangonel ×4 · Spearman ×3
Feudal
9:02
Castle
12:21
Imperial
—
| APM avg | 35.4 |
| APM peak | 43 |
| eAPM avg | 20.0 |
| Villagers / military | 65 / 9 |
Focus
⚔️ 25.0% · 🌾 75.0%
Organ Gun ×9
Match map
Initial resources + every placement click. Lines = walls · curves = elevation contours. ◆ gold · ⬟ stone · ● berries · ✦ relic · ◌ wall gap
Your base· Open — 6t gap
Alvice Gritti's base· Open — 7t gap
Smoothed initial terrain · ◌ = detected wall gap · hover for details
Inputs per minute
— [KOF]_ChavaAzcona - - Alvice Gritti
Build order — [KOF]_ChavaAzcona
134 actions detected in the replay
| 0:03 | Research | Loom |
| 0:03 | Research | Loom |
| 0:05 | Build | House |
| 0:07 | Build | House |
| 0:25 | Create | Villager (Male) |
| 0:26 | Create | Villager (Male) |
| 0:26 | Create | Villager (Male) |
| 0:27 | Create | Villager (Male) |
| 0:27 | Create | Villager (Male) |
| 1:08 | Create | Villager (Male) |
| 1:13 | Create | Villager (Male) |
| 1:14 | Create | Villager (Male) |
| 1:20 | Create | Villager (Male) |
| 1:20 | Create | Villager (Male) |
| 1:28 | Build | House |
| 1:56 | Create | Villager (Male) |
| 2:00 | Create | Villager (Male) |
| 2:00 | Create | Villager (Male) |
| 2:14 | Build | House |
| 2:15 | Create | Villager (Male) |
| 2:15 | Create | Villager (Male) |
| 2:40 | Create | Villager (Male) |
| 2:47 | Build | Lumber Camp |
| 2:59 | Create | Villager (Male) |
| 3:00 | Create | Villager (Male) |
| 3:32 | Build | Lumber Camp |
| 3:33 | Create | Villager (Male) |
| 3:35 | Create | Villager (Male) |
| 3:50 | Create | Villager (Male) |
| 3:53 | Build | House |
| 3:58 | Build | House |
| 4:03 | Create | Villager (Male) |
| 4:03 | Create | Villager (Male) |
| 4:31 | Create | Villager (Male) |
| 4:49 | Create | Villager (Male) |
| 4:50 | Create | Villager (Male) |
| 4:57 | Create | Villager (Male) |
| 5:07 | Create | Villager (Male) |
| 5:07 | Create | Villager (Male) |
| 5:23 | Build | House |
| 5:24 | Build | House |
| 5:28 | Build | Mill |
| 5:37 | Create | Villager (Male) |
| 6:17 | Create | Villager (Male) |
| 6:25 | Research | Feudal Age |
| 6:26 | Research | Feudal Age |
| 6:43 | Create | Villager (Male) |
| 7:01 | Create | Villager (Male) |
| 7:14 | Create | Villager (Male) |
| 7:40 | Build | Barracks |
| 7:51 | Build | Mill |
| 8:02 | Build | Palisade Wall |
| 8:05 | Build | Palisade Gate |
| 8:07 | Build | House |
| 8:10 | Build | House |
| 8:14 | Build | Palisade Wall |
| 8:26 | Create | Villager (Male) |
| 8:26 | Create | Villager (Male) |
| 8:33 | Build | Mill |
| 8:35 | Age | Feudal Age |
| 8:40 | Research | Double-Bit Axe |
| 8:42 | Create | Villager (Male) |
| 8:49 | Build | Blacksmith |
| 8:53 | Build | Stable |
| 9:03 | Create | Villager (Male) |
| 9:13 | Create | Villager (Male) |
| 9:29 | Create | Villager (Male) |
| 9:40 | Create | Villager (Male) |
| 9:54 | Build | House |
| 9:57 | Build | Palisade Gate |
| 10:15 | Create | Villager (Male) |
| 10:21 | Build | Mining Camp |
| 10:23 | Create | Villager (Male) |
| 10:24 | Create | Villager (Male) |
| 10:28 | Build | Farm |
| 10:28 | Build | Farm |
| 10:33 | Build | Mill |
| 10:45 | Create | Spearman |
| 10:45 | Create | Spearman |
| 10:55 | Create | Scout Cavalry |
| 10:55 | Create | Scout Cavalry |
| 10:55 | Create | Scout Cavalry |
| 11:02 | Create | Spearman |
| 11:08 | Build | Farm |
| 11:08 | Build | Farm |
| 11:08 | Build | Farm |
| 11:08 | Build | Farm |
| 11:09 | Build | Farm |
| 11:09 | Build | Farm |
| 11:09 | Build | Farm |
| 11:28 | Build | Mining Camp |
| 11:33 | Create | Scout Cavalry |
| 11:34 | Create | Scout Cavalry |
| 11:44 | Build | Watch Tower |
| 11:48 | Create | Villager (Male) |
| 11:52 | Research | Castle Age |
| 11:53 | Create | Villager (Male) |
| 11:58 | Build | Mining Camp |
| 12:08 | Build | House |
| 12:10 | Build | House |
| 12:13 | Build | Palisade Wall |
| 12:23 | Create | Scout Cavalry |
| 12:34 | Research | Forging |
| 12:38 | Build | House |
| 12:50 | Build | Watch Tower |
| 13:07 | Build | Watch Tower |
| 13:25 | Create | Scout Cavalry |
| 13:57 | Create | Villager (Male) |
| 14:00 | Build | Mining Camp |
| 14:16 | Build | Market |
| 14:28 | Build | Watch Tower |
| 14:31 | Age | Castle Age |
| 14:43 | Build | Siege Workshop |
| 15:19 | Create | Mangonel |
| 15:19 | Create | Mangonel |
| 15:20 | Build | Mining Camp |
| 15:26 | Build | Siege Workshop |
| 15:59 | Create | Villager (Male) |
| 16:05 | Create | Mangonel |
| 16:06 | Create | Mangonel |
| 16:18 | Build | Watch Tower |
| 16:22 | Create | Villager (Male) |
| 16:22 | Create | Villager (Male) |
| 16:26 | Build | Farm |
| 16:27 | Build | Farm |
| 16:27 | Build | Farm |
| 16:27 | Build | Farm |
| 16:27 | Build | Farm |
| 16:28 | Build | Farm |
| 16:28 | Build | Farm |
| 16:28 | Build | Farm |
| 16:28 | Build | Farm |
| 16:43 | Create | Villager (Male) |
| 16:44 | Create | Villager (Male) |
Build order — Alvice Gritti
116 actions detected in the replay
| 0:03 | Create | Villager (Male) |
| 0:06 | Build | House |
| 0:08 | Research | Loom |
| 0:08 | Create | Villager (Male) |
| 0:11 | Build | Mill |
| 0:14 | Create | Villager (Male) |
| 0:28 | Create | Villager (Male) |
| 0:33 | Build | House |
| 0:43 | Build | House |
| 1:20 | Create | Villager (Male) |
| 1:39 | Create | Villager (Male) |
| 1:46 | Create | Villager (Male) |
| 1:59 | Create | Villager (Male) |
| 2:11 | Create | Villager (Male) |
| 2:13 | Create | Villager (Male) |
| 2:28 | Build | House |
| 2:36 | Create | Villager (Male) |
| 2:37 | Create | Villager (Male) |
| 2:47 | Create | Villager (Male) |
| 2:50 | Build | House |
| 2:53 | Build | House |
| 3:04 | Create | Villager (Male) |
| 3:19 | Create | Villager (Male) |
| 3:30 | Create | Villager (Male) |
| 3:31 | Create | Villager (Male) |
| 3:48 | Create | Villager (Male) |
| 3:49 | Create | Villager (Male) |
| 4:03 | Build | Mill |
| 4:07 | Create | Villager (Male) |
| 4:23 | Create | Villager (Male) |
| 4:24 | Create | Villager (Male) |
| 4:26 | Create | Villager (Male) |
| 4:36 | Create | Villager (Male) |
| 4:52 | Create | Villager (Male) |
| 4:59 | Build | House |
| 5:00 | Build | House |
| 5:28 | Create | Villager (Male) |
| 5:28 | Create | Villager (Male) |
| 5:43 | Create | Villager (Male) |
| 6:22 | Build | Lumber Camp |
| 6:27 | Create | Villager (Male) |
| 6:27 | Create | Villager (Male) |
| 6:52 | Research | Feudal Age |
| 6:53 | Create | Villager (Male) |
| 7:14 | Create | Villager (Male) |
| 7:15 | Create | Villager (Male) |
| 7:34 | Build | Mining Camp |
| 7:41 | Create | Villager (Male) |
| 7:41 | Create | Villager (Male) |
| 7:47 | Build | House |
| 7:48 | Build | House |
| 7:59 | Create | Villager (Male) |
| 8:00 | Create | Villager (Male) |
| 8:45 | Create | Villager (Male) |
| 9:02 | Age | Feudal Age |
| 9:04 | Create | Villager (Male) |
| 9:06 | Build | Market |
| 9:08 | Build | Blacksmith |
| 9:14 | Research | Town Watch |
| 9:15 | Create | Villager (Male) |
| 9:41 | Research | Castle Age |
| 10:25 | Build | Mining Camp |
| 10:30 | Create | Villager (Male) |
| 10:30 | Create | Villager (Male) |
| 10:32 | Build | Mill |
| 10:37 | Build | Mining Camp |
| 10:45 | Build | Gate |
| 10:47 | Build | Stone Wall |
| 10:49 | Build | Stone Wall |
| 10:54 | Build | Stone Wall |
| 11:15 | Create | Villager (Male) |
| 11:18 | Create | Villager (Male) |
| 11:38 | Build | Mining Camp |
| 11:43 | Create | Villager (Male) |
| 11:59 | Build | Mill |
| 12:14 | Create | Villager (Male) |
| 12:16 | Create | Villager (Male) |
| 12:16 | Create | Villager (Male) |
| 12:21 | Age | Castle Age |
| 12:36 | Build | Castle |
| 13:03 | Create | Villager (Male) |
| 13:03 | Create | Villager (Male) |
| 13:33 | Create | Villager (Male) |
| 13:33 | Create | Villager (Male) |
| 14:01 | Create | Organ Gun |
| 14:01 | Create | Organ Gun |
| 14:12 | Build | Lumber Camp |
| 14:15 | Build | Mining Camp |
| 14:20 | Create | Villager (Male) |
| 14:24 | Build | Mining Camp |
| 14:26 | Create | Villager (Male) |
| 14:29 | Create | Organ Gun |
| 14:47 | Create | Villager (Male) |
| 14:48 | Create | Villager (Male) |
| 15:12 | Create | Organ Gun |
| 15:14 | Build | Outpost |
| 15:17 | Create | Villager (Male) |
| 15:18 | Create | Villager (Male) |
| 15:40 | Create | Organ Gun |
| 15:41 | Create | Organ Gun |
| 15:51 | Create | Villager (Male) |
| 15:52 | Create | Organ Gun |
| 15:53 | Create | Villager (Male) |
| 15:55 | Create | Villager (Male) |
| 16:15 | Build | Castle |
| 16:23 | Create | Organ Gun |
| 16:25 | Create | Villager (Male) |
| 16:27 | Research | Fletching |
| 16:28 | Create | Villager (Male) |
| 16:29 | Create | Villager (Male) |
| 16:39 | Build | Mining Camp |
| 16:46 | Create | Organ Gun |
| 16:55 | Create | Villager (Male) |
| 16:58 | Build | Farm |
| 17:01 | Build | House |
| 17:01 | Build | House |
Match timeline
| 7:40 | [KOF]_ChavaAzcona · first_building Barracks |
| 8:02 | [KOF]_ChavaAzcona · wall_segment Palisade Wall x3 |
| 8:14 | [KOF]_ChavaAzcona · wall_segment Palisade Wall x1 |
| 8:35 | [KOF]_ChavaAzcona · age_up feudal |
| 8:53 | [KOF]_ChavaAzcona · first_building Stable |
| 9:02 | Alvice Gritti · age_up feudal |
| 9:31 | Alvice Gritti · first_market_sell 100 stone |
| 10:47 | Alvice Gritti · wall_segment Stone Wall x2 |
| 10:49 | Alvice Gritti · wall_segment Stone Wall x3 |
| 10:54 | Alvice Gritti · wall_segment Stone Wall x8 |
| 12:13 | [KOF]_ChavaAzcona · wall_segment Palisade Wall x1 |
| 12:21 | Alvice Gritti · age_up castle |
| 12:36 | Alvice Gritti · first_building Castle |
| 14:31 | [KOF]_ChavaAzcona · age_up castle |
| 14:43 | [KOF]_ChavaAzcona · first_building Siege Workshop |
| 15:39 | [KOF]_ChavaAzcona · first_market_buy 100 wood |
| 17:09 | [KOF]_ChavaAzcona · resign |
[ AI ANALYSIS · 1 CREDIT ]
What really happened in this match?
Wolo.gg analyzes every decision: build order, eco, micro, common mistakes by bracket. Personalized analysis on WhatsApp or Discord in 30 seconds.
Civ guide
Hindustanis
Perfil
Jugador #8719381